 Dungeon Crawl Stone Soup version 0.21.1-1-g345015f (webtiles) character file.

211 theblackcape the Chopper (level 5, 0/37 HPs)
             Began as a Gnoll Wanderer on June 22, 2018.
             Succumbed to a worker ant's poison
             ... on level 3 of the Dungeon.
             The game lasted 00:08:19 (2532 turns).

theblackcape the Chopper (Gnoll Wanderer)           Turns: 2532, Time: 00:08:20

Health: 0/37       AC:  6    Str: 14    XL:     5   Next: 88%
Magic:  12/12      EV: 11    Int: 15    God:
Gold:   66         SH:  0    Dex: 15    Spells: 14/14 levels left

rFire    + . .     SeeInvis .   a - +2 hand axe
rCold    x . .     Gourm    .   (no shield)
rNeg     . . .     Faith    .   b - +0 ring mail
rPois    .         Spirit   .   (no helmet)
rElec    .         Reflect  .   (no cloak)
rCorr    .         Harm     .   (no gloves)
MR       .....                  (no boots)
Stlth    ++........             (no amulet)
HPRegen  0.12/turn              e - ring of fire
MPRegen  0.13/turn              (no ring)

@: lethally poisoned (0 -> -9)
A: distributed training, fangs 1, strong nose
a: no special abilities


You were on level 3 of the Dungeon.
You were not hungry.

You visited 1 branch of the dungeon, and saw 3 of its levels.

You collected 66 gold pieces.

Inventory:

Hand Weapons
 a - a +2 hand axe (weapon)
Missiles
 i - a throwing net (quivered)
Armour
 b - a +0 ring mail (worn)
Jewellery
 e - a ring of fire (left hand)
Wands
 n - a wand of digging (17)
Scrolls
 h - a scroll of remove curse
 k - a scroll of amnesia {unknown}
 l - a scroll of enchant armour {unknown}
 m - a scroll of enchant weapon {unknown}
 o - a scroll of noise {unknown}
Potions
 f - a potion of flight
 g - a potion of lignification
 j - a potion of degeneration {unknown}
Books
 c - the Catalogue of Curses

   Spells                             Type                      Level
   a - Confusing Touch                Hexes                        1
   b - Tukima's Dance                 Hexes                        3
Comestibles
 d - 4 rations


   Skills:
 + Level 1.6 Fighting
 + Level 1.6 Short Blades
 + Level 1.6 Long Blades
 + Level 6.7 Axes
 + Level 1.6 Maces & Flails
 + Level 1.6 Polearms
 + Level 1.6 Staves
 + Level 1.6 Slings
 + Level 1.6 Bows
 + Level 1.6 Crossbows
 + Level 3.0 Throwing
 + Level 4.8 Armour
 + Level 1.6 Dodging
 + Level 2.8 Stealth
 + Level 1.6 Shields
 + Level 1.6 Unarmed Combat
 + Level 5.2 Spellcasting
 + Level 2.4 Conjurations
 + Level 1.3 Hexes
 + Level 1.3 Charms
 + Level 1.3 Summonings
 + Level 1.3 Necromancy
 + Level 1.3 Translocations
 + Level 1.3 Transmutations
 + Level 1.3 Fire Magic
 + Level 1.3 Ice Magic
 + Level 1.3 Air Magic
 + Level 1.3 Earth Magic
 + Level 1.3 Poison Magic
 + Level 1.8 Invocations
 + Level 1.6 Evocations


You had 14 spell levels left.
You didn't know any spells.

Dungeon Overview and Level Annotations

Branches:
Dungeon (3/15)

Altars:
Trog
Vehumet

Portals:
Sewer: D:3


Innate Abilities, Weirdness & Mutations

Your experience applies equally to all skills.
You have very sharp teeth.
Your uncanny sense of smell can sniff out nearby items.


Message History

The worker ant is severely wounded.
* * * LOW HITPOINT WARNING * * *
You feel sick. The worker ant barely misses you. The worker ant bites you.
* * * LOW HITPOINT WARNING * * *
You barely miss the worker ant.
The worker ant is severely wounded.
* * * LOW HITPOINT WARNING * * *
You feel sick. The worker ant bites you.
* * * LOW HITPOINT WARNING * * *
You hit the worker ant.
The worker ant is almost dead.
* * * LOW HITPOINT WARNING * * *
You feel sick. The worker ant closely misses you.
You hit the worker ant.
You kill the worker ant!
* * * LOW HITPOINT WARNING * * *
You feel sick.
You slash the river rat!
The river rat is almost dead.
You die...

######(####..#. ..
#.###.#..> #.##....#
. #)#..#..# ..
#).#.#..# ...
##.).(...# ....
##........## !...
#.......#..###..#.##
#...##..#.#.@rrS...≈
#.......#.####rS.≈≈≈
#.(.....#.# .≈≈≈≈
#.......#.# ∆ ≈≈≈≈
#.#.......# ≈≈∩
#......#### ##
#####.# ∆


You could see an adder, a river rat, a ball python and 2 rats.

Vanquished Creatures
  A worker ant (D:3)
  Terence (D:3)
  7 adders
  4 gnolls (D:2)
  3 dart slugs
  A worm (D:3)
  An orc (D:3)
  2 giant cockroaches (D:2)
  6 goblins
  4 hobgoblins
  10 jackals
  10 kobolds
  6 bats
  3 frilled lizards
  3 rats (D:2)
62 creatures vanquished.

Vanquished Creatures (others)
  A quokka (D:3)
1 creature vanquished.

Grand Total: 63 creatures vanquished

Notes
Turn   | Place    | Note
-------+----------+-------------------------------------------
     0 | D:1      | theblackcape the Gnoll Wanderer began the quest for the Orb.
     0 | D:1      | theblackcape set off with: a +2 hand axe, a +0 ring mail, the Catalogue of Curses, a ration
     0 | D:1      | Reached XP level 1. HP: 13/13 MP: 6/6
     0 | D:1      | Identified the Catalogue of Curses
    83 | D:1      | Reached XP level 2. HP: 12/19 MP: 7/7
   838 | D:2      | Reached skill level 5 in Spellcasting
   838 | D:2      | Reached XP level 3. HP: 19/25 MP: 7/9
  1234 | D:2      | Reached skill level 1 in Invocations
  1257 | D:2      | Found a radiant altar of Vehumet.
  1263 | D:2      | Reached skill level 1 in Fighting
  1263 | D:2      | Reached skill level 1 in Short Blades
  1263 | D:2      | Reached skill level 1 in Long Blades
  1263 | D:2      | Reached skill level 1 in Maces & Flails
  1263 | D:2      | Reached skill level 1 in Polearms
  1263 | D:2      | Reached skill level 1 in Staves
  1263 | D:2      | Reached skill level 1 in Slings
  1263 | D:2      | Reached skill level 1 in Bows
  1263 | D:2      | Reached skill level 1 in Crossbows
  1263 | D:2      | Reached skill level 1 in Dodging
  1263 | D:2      | Reached skill level 1 in Shields
  1263 | D:2      | Reached skill level 1 in Unarmed Combat
  1263 | D:2      | Reached skill level 1 in Evocations
  1274 | D:2      | Reached XP level 4. HP: 22/32 MP: 11/11
  1405 | D:2      | Reached skill level 1 in Hexes
  1405 | D:2      | Reached skill level 1 in Charms
  1405 | D:2      | Reached skill level 1 in Summonings
  1405 | D:2      | Reached skill level 1 in Necromancy
  1405 | D:2      | Reached skill level 1 in Translocations
  1405 | D:2      | Reached skill level 1 in Transmutations
  1405 | D:2      | Reached skill level 1 in Fire Magic
  1405 | D:2      | Reached skill level 1 in Ice Magic
  1405 | D:2      | Reached skill level 1 in Air Magic
  1405 | D:2      | Reached skill level 1 in Earth Magic
  1405 | D:2      | Reached skill level 1 in Poison Magic
  1571 | D:2      | Reached XP level 5. HP: 24/37 MP: 12/12
  1693 | D:2      | Found a bloodstained altar of Trog.
  2255 | D:3      | Noticed Terence
  2285 | D:3      | Killed Terence
  2515 | D:3      | Found a glowing drain.
  2531 | D:3      | HP: 1/37 [poisoned by a worker ant]
  2532 | D:3      | Succumbed to a worker ant's poison

Skill      XL: |  1  2  3  4  5 |
---------------+----------------+-----
Conjurations   | 2 |  2.4
Spellcasting   | 5 |  5.2
Invocations    | 1 |  1.8
Fighting       | 1 |  1.6
Short Blades   | 1 |  1.6
Long Blades    | 1 |  1.6
Maces & Flails | 1 |  1.6
Polearms       | 1 |  1.6
Staves         | 1 |  1.6
Slings         | 1 |  1.6
Bows           | 1 |  1.6
Crossbows      | 1 |  1.6
Dodging        | 1 |  1.6
Shields        | 1 |  1.6
Unarmed Combat | 1 |  1.6
Evocations     | 1 |  1.6
Hexes          | 1 |  1.3
Charms         | 1 |  1.3
Summonings     | 1 |  1.3
Necromancy     | 1 |  1.3
Translocations | 1 |  1.3
Transmutations | 1 |  1.3
Fire Magic     | 1 |  1.3
Ice Magic      | 1 |  1.3
Air Magic      | 1 |  1.3
Earth Magic    | 1 |  1.3
Poison Magic   | 1 |  1.3
Throwing       | 3 |  3.0
Axes           | |  6.7
Armour         | |  4.8
Stealth        | |  2.8

Action                   |  1- 3 |  4- 6 || total
-------------------------+-------+-------++-------
Melee: Hand axe          |    69 |   151 ||   220
       Bite              |     8 |    13 ||    21
       Punch             |       |     1 ||     1
  Use: Scroll            |       |     4 ||     4
 Stab: Sleeping          |     1 |     2 ||     3
  Eat: Chunk             |     1 |     4 ||     5
Armor: Ring mail         |    24 |    44 ||    68
Dodge: Dodged            |    41 |    95 ||   136
